 Dungeon Crawl Stone Soup version 0.26-a0-466-g989023bd0d (webtiles) character file.

Game seed: 9994568636083752535

62 kae the Ruffian (level 4, 0/39 HPs)
             Began as a Naga Transmuter on Aug 4, 2020.
             Slain by a gnoll
             ... wielding a +0 spear
              (4 damage)
             ... on level 2 of the Dungeon.
             The game lasted 00:02:46 (2590 turns).

kae the Ruffian (Naga Transmuter)                   Turns: 2590, Time: 00:02:47

Health: 0/39       AC:  2    Str: 13    XL:     4   Next: 8%
Magic:  7/7        EV: 10    Int: 13    God:
Gold:   33         SH:  0    Dex: 12    Spells: 6/7 levels left

rFire    . . .     SeeInvis +   d - +0 short sword
rCold    . . .     Faith    .   (no shield)
rNeg     . . .     Spirit   .   a - +0 robe
rPois    +         Reflect  .   (no helmet)
rElec    .         Harm     .   (no cloak)
rCorr    .                      (no gloves)
MR       .....                  (no barding)
Stlth    +.........             (no amulet)
HPRegen  0.13/turn              (no ring)
MPRegen  0.10/turn              (no ring)

@: very slow
A: large, see invisible, deformed body, poison resistance, slowness 2, spit
poison 1, AC +1
a: Spit Poison


You were on level 2 of the Dungeon.
You visited 1 branch of the dungeon, and saw 2 of its levels.

You collected 33 gold pieces.

Inventory:

Hand Weapons
 d - a +0 short sword (weapon)
Armour
 a - a +0 robe (worn)
Scrolls
 b - a scroll of identify
Potions
 c - a potion of flight


   Skills:
 + Level 1.9 Fighting
 - Level 1.5 Dodging
 * Level 3.8 Unarmed Combat
 + Level 2.4 Spellcasting
 + Level 2.5 Transmutations


You had 6 spell levels left.
You knew the following spells:

 Your Spells              Type           Power        Failure   Level
a - Beastly Appendage     Tmut           #.....       9%          1

Your spell library contained the following spells:

 Spells                   Type           Power        Failure   Level
 Wereblood                Tmut           #.......     13%         2
 Spider Form              Tmut/Pois      #.........   41%         3
 Ice Form                 Ice/Tmut       #.......     82%         4
 Blade Hands              Tmut           #.........   94%         5


Dungeon Overview and Level Annotations

Branches:
Dungeon (2/15)

Altars:
Fedhas
Sif Muna
Trog


Innate Abilities, Weirdness & Mutations

You cannot wear boots.
Your serpentine skin is tough. (AC +1)
You have supernaturally acute eyesight. (SInv)
Armour fits poorly on your strangely shaped body.
Your system is resistant to poisons. (rPois)
You cover ground very slowly.
You can spit poison.


Message History

You don't have any unidentified items.
Unknown command.
Unknown command.
Okay, then.
You aren't carrying any items that you can evoke.
Unknown command.
Okay, then.
The gnoll hits you from afar with a +0 spear. x2
Your transformation is almost over.
The gnoll looks more healthy.
The gnoll hits you from afar with a +0 spear!
* * * LOW HITPOINT WARNING * * *
The gnoll hits you from afar with a +0 spear.
* * * LOW HITPOINT WARNING * * *
Your horns disappear.
The gnoll hits you from afar with a +0 spear.
* * * LOW HITPOINT WARNING * * *
The gnoll misses you.
The gnoll hits you from afar with a +0 spear.
You die...

.#....##.#_...##.#
.#.#####.###.###.#
#..# #.###.# #.# ##.##
#..#..# #.# ##.#
###...## #.# ##.##
#.##.#####.# #.##
#.##_#...#.#
.######.######.#.#
...........# #..@#
..#######..###g#######
..# ###.#......gg.gg##
#.# #..###..#######g.#
#.# #.#.#.### ##.# #.#
#.##.## #.# #.# #.##.#
#.## #.####.##.# #.g#
#.........# ##g##


You could see a gnoll.

Vanquished Creatures
  2 adders (D:2)
  2 worms (D:2)
  2 leopard geckos
  3 giant cockroaches
  4 goblins
  3 hobgoblins (D:1)
  4 jackals (D:1)
  3 kobolds
  A quokka (D:2)
  4 bats
  3 frilled lizards
  4 rats
35 creatures vanquished.

Notes
Turn   | Place    | Note
-------+----------+-------------------------------------------
     0 | D:1      | kae the Naga Transmuter began the quest for the Orb.
     0 | D:1      | Reached XP level 1. HP: 18/18 MP: 3/3
   556 | D:1      | Reached XP level 2. HP: 19/25 MP: 5/5
  1414 | D:1      | Reached XP level 3. HP: 25/31 MP: 4/6
  2278 | D:2      | Reached XP level 4. HP: 39/39 MP: 7/7
  2457 | D:2      | Found a shimmering blue altar of Sif Muna.
  2457 | D:2      | Found a faded altar of an unknown god.
  2462 | D:2      | Found a faded altar of an unknown god.
  2464 | D:2      | Found a blossoming altar of Fedhas.
  2466 | D:2      | Found a bloodstained altar of Trog.
  2590 | D:2      | Slain by a gnoll

Illustrated notes

Levels and vault maps discovered:
D:1:      roderic_crop_circles_arrival_small, layout_loops_ring
D:2:      layout_loops_ring, chequers_temple_overflow_minitemple,
          lemuel_coloured_pillars_altar, solitary_fountain,
          kennysheep_pointless_box, uniq_natasha

Action                   |  1- 3 |  4- 6 || total
-------------------------+-------+-------++-------
Melee: Unarmed           |    57 |       ||    57
       Punch             |     2 |       ||     2
       Short sword       |    67 |    10 ||    77
       Headbutt          |     6 |       ||     6
 Cast: Beastly Appendage |     6 |     2 ||     8
 Abil: Spit Poison       |    16 |     1 ||    17
  Use: Scroll            |     3 |     1 ||     4
       Potion            |     1 |       ||     1
 Stab: Sleeping          |       |     1 ||     1
Armor: Robe              |    20 |     3 ||    23
       Skin              |     4 |       ||     4
Dodge: Dodged            |    78 |     8 ||    86

Table legend: (Time is in decaauts)
 A = Elapsed time spent in this place.
 B = Non-inter-level travel time spent in this place.
 C = Inter-level travel time spent in this place.
 D = Time resting spent in this place.
 E = Time spent auto-exploring this place.
 F = Levels seen in this place.
 G = Mean time per level.
                   A        B        C        D        E       F      G
               +--------+--------+--------+--------+--------+-----+--------+
         Total |   2962 |   2926 |     36 |   1130 |   1421 |   2 | 1481.0 |
       Dungeon |   2962 |   2926 |     36 |   1130 |   1421 |   2 | 1481.0 |
               +--------+--------+--------+--------+--------+-----+--------+

Top non-repeatable levels by time:
     D:1: 1881 daAuts
     D:2: 1081 daAuts
